 Dungeon Crawl Stone Soup version 0.24.1 (webtiles) character file.

Game seed: 15205770955309102729, levelgen mode: deterministic

616 MajorAdolf the Cutter (level 7, -8/62 HPs)
             Began as a Naga Wanderer on Apr 6, 2020.
             Mangled by a troll (14 damage)
             ... on level 6 of the Dungeon.
             The game lasted 00:09:40 (5800 turns).

MajorAdolf the Cutter (Naga Wanderer)               Turns: 5800, Time: 00:09:40

Health: -8/62      AC:  9    Str: 14    XL:     7   Next: 45%
Magic:  7/7        EV:  6    Int: 14    God:
Gold:   222        SH:  0    Dex: 11    Spells: 6/6 levels left

rFire    . . .     SeeInvis +   n - +2 dagger (elec)
rCold    . . .     Gourm    .   (no shield)
rNeg     . . .     Faith    .   b - +2 scale mail
rPois    +         Spirit   .   (no helmet)
rElec    .         Reflect  .   k - +0 cloak
rCorr    .         Harm     .   i - +0 pair of gloves
MR       .....                  (no barding)
Stlth    ++........             (no amulet)
HPRegen  0.20/turn              (no ring)
MPRegen  0.10/turn              (no ring)

@: very slow
A: large, see invisible, deformed body, poison resistance, slowness 2, slow
metabolism 1, spit poison 1, AC +2
a: Spit Poison


You were on level 6 of the Dungeon.
You were not hungry.

You visited 1 branch of the dungeon, and saw 6 of its levels.

You collected 222 gold pieces.

Inventory:

Hand Weapons
 n - a +2 dagger of electrocution (weapon)
Armour
 b - a +2 scale mail (worn)
 i - a +0 pair of gloves (worn)
 k - a +0 cloak (worn)
Scrolls
 g - 3 scrolls of identify
 q - a scroll of remove curse
 s - a scroll of teleportation
Potions
 c - 2 potions of curing
 e - 2 potions of flight
 j - 3 potions of agility {unknown}
 l - 2 potions of heal wounds {unknown}
 o - a potion of berserk rage {unknown}
 u - a potion of resistance {unknown}
Comestibles
 f - 10 rations


   Skills:
 - Level 3.0 Fighting
 + Level 7.8 Short Blades
   Level 1.0 Bows
 - Level 1.0 Armour
 - Level 5.8 Stealth


You had 6 spell levels left.
You didn't know any spells.
Your spell library was empty.

Dungeon Overview and Level Annotations

Branches:
Dungeon (6/15)             Temple (0/1) D:6

Altars:
Ashenzari


Innate Abilities, Weirdness & Mutations

You cannot wear boots.
Your serpentine skin is tough. (AC +2)
You have supernaturally acute eyesight. (SInv)
Armour fits poorly on your strangely shaped body.
Your system is resistant to poisons. (rPois)
You cover ground very slowly.
You have a slow metabolism.
You can spit poison.


Message History

The troll bites you. The troll claws you!
* * * LOW HITPOINT WARNING * * *
The troll claws you.
* * * LOW HITPOINT WARNING * * *
You hit the troll.
The troll is lightly wounded.
The troll bites you but does no damage. The troll claws you but does no damage.
The troll claws you!
* * * LOW HITPOINT WARNING * * *
Okay, then.
Okay, then.
Okay, then.
Okay, then.
Okay, then.
Your scale mail prevents you from hitting the troll.
The troll is lightly wounded.
You barely miss the troll.
The troll is lightly wounded.
The troll bites you!
You die...

#..###..#...#..###.#
#..................#
##.##..##...########
...........##......#
##.........)..####.#
##.##............#.#
...>..####.###.#.#(#
##.##.##.......#<#.#
##.##......#####@#.#
##.#####...# #T#.#
##.# ##### #o#.#
##.## ####o#.#
#.#.###
#......######.
.###..#
#..........(..
#.#...#
##.##..#######
.(...## #o #..#
###### #. #..#


You could see a troll and 2 orcs.

Vanquished Creatures
  An ogre (D:5)
  A scorpion (D:4)
  2 howler monkeys
  An orc priest (D:3)
  4 orc wizards
  An iguana (D:6)
  3 worker ants
  An adder (D:3)
  6 gnolls
  2 oozes
  2 adder skeletons (D:4)
  6 worms
  3 dart slugs
  2 leopard geckos
  6 orcs (D:3)
  A ball python (D:1)
  4 giant cockroaches
  9 goblins
  3 hobgoblins
  2 jackals (D:3)
  2 quokkas
  A ball python skeleton (D:4)
  A bat (D:1)
  5 frilled lizards
  4 kobolds
  2 rats (D:3)
75 creatures vanquished.

Notes
Turn   | Place    | Note
-------+----------+-------------------------------------------
     0 | D:1      | MajorAdolf the Naga Wanderer began the quest for the Orb.
     0 | D:1      | MajorAdolf set off with the following items: a +0 short
                  | sword, a +2 scale mail, a potion of curing, a +0 dagger, a
                  | ration
     0 | D:1      | Reached XP level 1. HP: 21/21 MP: 1/1
   233 | D:1      | Reached skill level 2 in Short Blades
   233 | D:1      | Reached XP level 2. HP: 19/28 MP: 2/2
  1208 | D:2      | Reached skill level 3 in Short Blades
  1208 | D:2      | Reached XP level 3. HP: 24/34 MP: 3/3
  1917 | D:2      | Reached XP level 4. HP: 38/42 MP: 4/4
  2270 | D:3      | Reached skill level 4 in Short Blades
  2672 | D:3      | Reached XP level 5. HP: 38/49 MP: 5/5
  2811 | D:3      | Reached skill level 5 in Short Blades
  3250 | D:3      | Found a shattered altar of Ashenzari.
  3470 | D:3      | Reached XP level 6. HP: 35/56 MP: 6/6
  3983 | D:3      | Reached skill level 6 in Short Blades
  4655 | D:4      | Noticed a phantom
  4751 | D:3      | Reached skill level 7 in Short Blades
  4993 | D:4      | Reached XP level 7. HP: 61/62 MP: 7/7
  5310 | D:5      | Entered Level 5 of the Dungeon
  5689 | D:6      | Found a staircase to the Ecumenical Temple.
  5780 | D:6      | Noticed a troll
  5800 | D:6      | Mangled by a troll

Levels and vault maps discovered:
D:1:      evilmike_arrival_grusome_pit, layout_basic
D:2:      layout_loops_cross, first_ration
D:3:      layout_basic, nicolae_ashenzari_panopticon
D:4:      layout_cave_pools, chequers_serial_rivers_large_a
D:5:      layout_loops_corners, uniq_edmund
D:6:      layout_loops_ring, minmay_temple_entry_waves, minmay_three_doors,
          uniq_menkaure

Skill      XL: |  1  2  3  4  5  6 |
---------------+-------------------+-----
Short Blades   | 2 3 4 5 7 |  7.8
Fighting       | |  3.0
Bows           | |  1.0
Armour         | |  1.0
Stealth        | |  5.8

Action                   |  1- 3 |  4- 6 |  7- 9 || total
-------------------------+-------+-------+-------++-------
Melee: Dagger            |   153 |   325 |    54 ||   532
 Abil: Spit Poison       |     8 |    31 |     5 ||    44
  Use: Scroll            |     2 |     1 |     7 ||    10
 Stab: Sleeping          |     4 |       |     1 ||     5
  Eat: Chunk             |     3 |     9 |     3 ||    15
Armor: Scale mail        |    65 |   143 |    15 ||   223
Dodge: Dodged            |    39 |    58 |     9 ||   106
